SA
CONNETQUOT CHIEFS @ KENNESAW JETS
08/24/2034
 
TOP OF THE 1ST
Connetquot Chiefs batting - Pitching for Kennesaw Jets : RHP Al Gagne
Pitching: RHP Al Gagne
Batting: RHB Takeshi Kovacs 0-0: Ball
1-0: Called Strike
1-1: Foul Ball, location: 2F
1-2: Foul Ball, location: 2F
1-2: Strikes out swinging
Batting: LHB Tony Rincón 0-0: Ball
1-0: Foul Ball, location: 2F
1-1: Called Strike
1-2: Ball
2-2: Ground out 6-3 (Groundball, 6)
Batting: RHB Nigel Sturges 0-0: Ball
1-0: Ground out 6-3 (Groundball, 6)
Top of the 1st over - 0 runs, 0 hits, 0 errors, 0 left on base; Connetquot 0 - Kennesaw 0
BOTTOM OF THE 1ST
Kennesaw Jets batting - Pitching for Connetquot Chiefs : RHP Garth Donovan
Pitching: RHP Garth Donovan
Batting: RHB Kian Curling 0-0: SINGLE (Groundball, 6MD)
Batting: RHB Conor Culver 0-0: Foul Ball, location: 2F
0-1: Swinging Strike
0-2: Foul Ball, location: 2F
0-2: Ball
1-2: Strikes out swinging
Batting: RHB Alain Grosjean 0-0: Ball
1-0: Called Strike
Kian Curling steals 2nd base
1-1: Ball
2-1: SINGLE (Line Drive, 7S)
Kian Curling to third
Runner from 3rd tries for Home, SAFE, throw made home
Batting: RHB António Ortíz 0-0: Ball
1-0: Grounds into double play, 1-4-3 (Groundball, 15)
Bottom of the 1st over - 1 run, 2 hits, 0 errors, 0 left on base; Connetquot 0 - Kennesaw 1
TOP OF THE 2ND
Connetquot Chiefs batting - Pitching for Kennesaw Jets : RHP Al Gagne
Batting: LHB Luis Aguilar 0-0: Called Strike
0-1: Fly out, F7 (Flyball, 78S)
Batting: RHB Jesús Morán 0-0: Swinging Strike
0-1: Ball
1-1: Called Strike
1-2: Strikes out looking
Batting: LHB Ramiro Palmeiro 0-0: Ball
1-0: Called Strike
1-1: Ball
2-1: Foul Ball, location: 2F
2-2: Foul Ball, location: 2F
2-2: Foul Ball, location: 2F
2-2: Ball
3-2: Base on Balls
Batting: RHB Salvadaro Sarachaga 0-0: Foul Ball, location: 2F
0-1: Foul Ball, location: 2F
0-2: Ball
1-2: Fly out, F8 (Flyball, 8LD)
Top of the 2nd over - 0 runs, 0 hits, 0 errors, 1 left on base; Connetquot 0 - Kennesaw 1
BOTTOM OF THE 2ND
Kennesaw Jets batting - Pitching for Connetquot Chiefs : RHP Garth Donovan
Batting: RHB Troy Ferguson 0-0: Ball
1-0: Called Strike
1-1: Called Strike
1-2: SINGLE (Flyball, 89S)
Batting: RHB Joshua Neal 0-0: Ball
1-0: Ball
2-0: Called Strike
2-1: Foul Ball, location: 2F
2-2: Foul Ball, location: 2F
2-2: Ball
3-2: Foul Ball, location: 2F
3-2: Strikes out swinging
Batting: RHB Scipione Borghese 0-0: Foul Ball, location: 2F
0-1: Ball
1-1: Called Strike
1-2: Foul Ball, location: 2F
1-2: Foul Ball, location: 2F
1-2: Fly out, F8 (Flyball, 89M)
Batting: RHB Wilson Mitchell 0-0: Foul Ball, location: 2F
0-1: Swinging Strike
0-2: Foul Ball, location: 2F
0-2: Ball
1-2: Foul Ball, location: 2F
1-2: SINGLE (Groundball, P) (infield hit)
Troy Ferguson to second
Batting: RHB Jason Hopdown 0-0: Swinging Strike
0-1: Ball
1-1: Ball
2-1: Ball
3-1: Called Strike
3-2: Ground out 6-3 (Groundball, 6)
Bottom of the 2nd over - 0 runs, 2 hits, 0 errors, 2 left on base; Connetquot 0 - Kennesaw 1
TOP OF THE 3RD
Connetquot Chiefs batting - Pitching for Kennesaw Jets : RHP Al Gagne
Batting: RHB Doug Becker 0-0: Called Strike
0-1: Ball
1-1: Ball
2-1: Foul Ball, location: 2F
2-2: Foul Ball, location: 2F
2-2: Strikes out swinging
Batting: RHB Javier Reyes 0-0: Foul Ball, location: 2F
0-1: Ground out 4-3 (Groundball, 4)
Batting: RHB Takeshi Kovacs 0-0: Called Strike
0-1: DOUBLE (Line Drive, 7LM)
Batting: LHB Tony Rincón 0-0: Ground out 5-3 (Groundball, 5)
Top of the 3rd over - 0 runs, 1 hit, 0 errors, 1 left on base; Connetquot 0 - Kennesaw 1
BOTTOM OF THE 3RD
Kennesaw Jets batting - Pitching for Connetquot Chiefs : RHP Garth Donovan
Batting: RHB Kian Curling 0-0: Ball
1-0: Foul Ball, location: 2F
1-1: Ball
2-1: SINGLE (Groundball, 6D)
Batting: RHB Conor Culver 0-0: Ball
1-0: Foul Ball, location: 2F
1-1: Swinging Strike
1-2: Strikes out swinging
Batting: RHB Alain Grosjean 0-0: Called Strike
0-1: Called Strike
0-2: Ball
1-2: SINGLE (Groundball, 56D)
Kian Curling to second
Batting: RHB António Ortíz 0-0: Called Strike
Alain Grosjean steals 2nd base
Kian Curling to third
0-1: Fly out, F9 (Flyball, 89M)
Batting: RHB Troy Ferguson 0-0: Called Strike
0-1: SINGLE (Groundball, 6MD)
Kian Curling scores
Alain Grosjean to third
Runner from 3rd tries for Home, SAFE, no throw
Batting: RHB Joshua Neal 0-0: Called Strike
0-1: Foul Ball, location: 2F
0-2: Foul Ball, location: 2F
0-2: Ball
1-2: Ball
2-2: Foul Ball, location: 2F
2-2: Ball
3-2: Reached on error, E9 (Flyball, 9)
Troy Ferguson to third
Batting: RHB Scipione Borghese 0-0: Foul Ball, location: 2F
0-1: Ball
1-1: Ball
2-1: Ground out 6-3 (Groundball, 6)
Bottom of the 3rd over - 2 runs, 3 hits, 1 error, 2 left on base; Connetquot 0 - Kennesaw 3
TOP OF THE 4TH
Connetquot Chiefs batting - Pitching for Kennesaw Jets : RHP Al Gagne
Batting: RHB Nigel Sturges 0-0: Foul Ball, location: 2F
0-1: SINGLE (Groundball, 3D)
Batting: LHB Luis Aguilar 0-0: Called Strike
0-1: Called Strike
0-2: Strikes out swinging
Batting: RHB Jesús Morán Pickoff Throw to First - Out!
0-0: Called Strike
0-1: Foul Ball, location: 2F
0-2: Foul Ball, location: 2F
0-2: Ball
1-2: Ball
2-2: Ball
3-2: Foul Ball, location: 2F
3-2: Foul Ball, location: 2F
3-2: Strikes out swinging
Top of the 4th over - 0 runs, 1 hit, 0 errors, 0 left on base; Connetquot 0 - Kennesaw 3
BOTTOM OF THE 4TH
Kennesaw Jets batting - Pitching for Connetquot Chiefs : RHP Garth Donovan
Batting: RHB Wilson Mitchell 0-0: Ball
1-0: Fly out, F7 (Flyball, 7)
Batting: RHB Jason Hopdown 0-0: Ball
1-0: Called Strike
1-1: Foul Ball, location: 2F
1-2: Foul Ball, location: 2F
1-2: Ball
2-2: Ball
3-2: SINGLE (Groundball, 56D)
Batting: RHB Kian Curling 0-0: Ball
1-0: Ball
2-0: Ball
3-0: Called Strike
3-1: Swinging Strike
3-2: Base on Balls
Jason Hopdown to second
Batting: RHB Conor Culver 0-0: Foul Ball, location: 2F
0-1: Ball
1-1: Ball
2-1: Foul Ball, location: 2F
2-2: SINGLE (Line Drive, 7LS)
Jason Hopdown to third
Kian Curling to second
Runner from 3rd tries for Home, throw and OUT!
Batting: RHB Alain Grosjean 0-0: Ball
1-0: Fly out, F6 (Popup, 6)
Bottom of the 4th over - 0 runs, 2 hits, 0 errors, 2 left on base; Connetquot 0 - Kennesaw 3
TOP OF THE 5TH
Connetquot Chiefs batting - Pitching for Kennesaw Jets : RHP Al Gagne
Batting: LHB Ramiro Palmeiro 0-0: Ball
1-0: Called Strike
1-1: Ball
2-1: Fly out, F6 (Popup, 6)
Batting: RHB Salvadaro Sarachaga 0-0: Ball
1-0: Ball
2-0: Ball
3-0: Called Strike
3-1: Foul Ball, location: 2F
3-2: Base on Balls
Batting: RHB Doug Becker 0-0: Called Strike
0-1: Ball
1-1: Ball
2-1: DOUBLE (Line Drive, 78D)
Salvadaro Sarachaga to third
Batting: RHB Javier Reyes 0-0: Called Strike
0-1: Called Strike
0-2: Fly out, F9 (Flyball, 9)
Runner from 3rd tags up, OUT at HOME
Top of the 5th over - 0 runs, 1 hit, 0 errors, 1 left on base; Connetquot 0 - Kennesaw 3
BOTTOM OF THE 5TH
Kennesaw Jets batting - Pitching for Connetquot Chiefs : RHP Garth Donovan
Batting: RHB António Ortíz 0-0: Ball
1-0: Ball
2-0: Foul Ball, location: 2F
2-1: Ball
3-1: Foul Ball, location: 2F
3-2: Foul Ball, location: 2F
3-2: SINGLE (Flyball, 56D)
Batting: RHB Troy Ferguson 0-0: DOUBLE (Line Drive, 7LS)
António Ortíz to third
Batting: RHB Joshua Neal 0-0: Swinging Strike
0-1: Ball
1-1: Fly out, F9 (Flyball, 9)
Batting: RHB Scipione Borghese 0-0: Ball
1-0: Ball
2-0: Fly out, F9 (Flyball, 9D)
Runner from 3rd tags up, SCORES, throw made
Batting: RHB Wilson Mitchell 0-0: Intentional Walk
Batting: RHB Jason Hopdown 0-0: Called Strike
0-1: SINGLE (Groundball, 34D)
Troy Ferguson to third
Wilson Mitchell to second
Runner from 3rd tries for Home, SAFE, no throw
Batting: RHB Kian Curling 0-0: Called Strike
0-1: Ball
1-1: Ball
2-1: Foul Ball, location: 2F
2-2: Fielders Choice at 2nd, 5-4 (Groundball, 5)
Bottom of the 5th over - 2 runs, 3 hits, 0 errors, 2 left on base; Connetquot 0 - Kennesaw 5
TOP OF THE 6TH
Connetquot Chiefs batting - Pitching for Kennesaw Jets : RHP Al Gagne
Batting: RHB Takeshi Kovacs 0-0: Called Strike
0-1: Ball
1-1: Fly out, F8 (Flyball, 8LM)
Batting: LHB Tony Rincón 0-0: Called Strike
0-1: Ball
1-1: Ball
2-1: Foul Ball, location: 2F
2-2: Ball
3-2: Fly out, F8 (Flyball, 78XD)
Batting: RHB Nigel Sturges 0-0: Ball
1-0: Called Strike
1-1: Ball
2-1: Ball
3-1: Foul Ball, location: 2F
3-2: Strikes out looking
Top of the 6th over - 0 runs, 0 hits, 0 errors, 0 left on base; Connetquot 0 - Kennesaw 5
BOTTOM OF THE 6TH
Kennesaw Jets batting - Pitching for Connetquot Chiefs : RHP Garth Donovan
Pitching: RHP José Salinas
Batting: RHB Conor Culver 0-0: Called Strike
0-1: Ball
1-1: Foul Ball, location: 2F
1-2: Ball
2-2: Ground out 5-3 (Groundball, 56S)
Batting: RHB Alain Grosjean 0-0: Foul Ball, location: 2F
0-1: Swinging Strike
0-2: Ground out 5-3 (Groundball, 5)
Batting: RHB António Ortíz 0-0: Called Strike
0-1: Called Strike
0-2: Ground out 4-3 (Groundball, 4)
Bottom of the 6th over - 0 runs, 0 hits, 0 errors, 0 left on base; Connetquot 0 - Kennesaw 5
TOP OF THE 7TH
Connetquot Chiefs batting - Pitching for Kennesaw Jets : RHP Al Gagne
Batting: LHB Luis Aguilar 0-0: Called Strike
0-1: Swinging Strike
0-2: Foul Ball, location: 2F
0-2: Foul Ball, location: 2F
0-2: Ball
1-2: Strikes out swinging
Batting: RHB Jesús Morán 0-0: Called Strike
0-1: SINGLE (Line Drive, 6MD)
Batting: LHB Ramiro Palmeiro 0-0: Called Strike
0-1: Ball
1-1: Foul Ball, location: 2F
1-2: Grounds into double play, 5-4-3 (Groundball, 56)
Top of the 7th over - 0 runs, 1 hit, 0 errors, 0 left on base; Connetquot 0 - Kennesaw 5
BOTTOM OF THE 7TH
Kennesaw Jets batting - Pitching for Connetquot Chiefs : RHP José Salinas
Batting: RHB Troy Ferguson 0-0: Called Strike
0-1: Swinging Strike
0-2: Foul Ball, location: 2F
0-2: Foul Ball, location: 2F
0-2: Ball
1-2: Strikes out swinging
Batting: RHB Joshua Neal 0-0: Ball
1-0: Called Strike
1-1: Ball
2-1: Swinging Strike
2-2: Foul Ball, location: 2F
2-2: Strikes out swinging
Batting: RHB Scipione Borghese 0-0: Called Strike
0-1: SINGLE (Groundball, 56) (infield hit)
Batting: RHB Wilson Mitchell 0-0: Ball
1-0: Ball
2-0: DOUBLE (Line Drive, 7LM)
Scipione Borghese to third
Batting: RHB Jason Hopdown 0-0: Ball
1-0: Foul Ball, location: 2F
1-1: Foul Ball, location: 2F
1-2: Fly out, F7 (Flyball, 7LM)
Bottom of the 7th over - 0 runs, 2 hits, 0 errors, 2 left on base; Connetquot 0 - Kennesaw 5
TOP OF THE 8TH
Connetquot Chiefs batting - Pitching for Kennesaw Jets : RHP Al Gagne
Batting: RHB Salvadaro Sarachaga 0-0: Swinging Strike
0-1: Called Strike
0-2: Foul Ball, location: 2F
0-2: Ball
1-2: Ball
2-2: Fly out, F5 (Popup, 56)
Pitching: RHP Jack Tucker
Batting: RHB Doug Becker 0-0: Swinging Strike
0-1: Fly out, F6 (Line Drive, 6)
Batting: RHB Javier Reyes 0-0: Foul Ball, location: 2F
0-1: Swinging Strike
0-2: Strikes out looking
Top of the 8th over - 0 runs, 0 hits, 0 errors, 0 left on base; Connetquot 0 - Kennesaw 5
BOTTOM OF THE 8TH
Kennesaw Jets batting - Pitching for Connetquot Chiefs : RHP José Salinas
Batting: RHB Kian Curling 0-0: Foul Ball, location: 2F
0-1: Ball
1-1: Ball
2-1: Ball
3-1: Swinging Strike
3-2: Base on Balls
Batting: RHB Conor Culver 0-0: Foul Ball, location: 2F
0-1: Foul Ball, location: 2F
0-2: Ball
Kian Curling steals 2nd base
1-2: Fly out, F9 (Flyball, 9D)
Runner from 2nd tags up, SAFE at 3rd, no throw
Batting: RHB Alain Grosjean 0-0: Fly out, F9 (Flyball, 89M)
Runner from 3rd tags up, SCORES, throw made
Batting: RHB António Ortíz 0-0: Ball
1-0: Called Strike
1-1: Ball
2-1: Ground out 1-3 (Groundball, 13)
Bottom of the 8th over - 1 run, 0 hits, 0 errors, 0 left on base; Connetquot 0 - Kennesaw 6
TOP OF THE 9TH
Connetquot Chiefs batting - Pitching for Kennesaw Jets : RHP Jack Tucker
Now at C: Ramón Muńóz
Batting: RHB Takeshi Kovacs 0-0: Called Strike
0-1: Swinging Strike
0-2: Ball
1-2: Foul Ball, location: 2F
1-2: Ball
2-2: Foul Ball, location: 2F
2-2: DOUBLE (Line Drive, 7LD)
Batting: LHB Tony Rincón 0-0: Swinging Strike
0-1: Swinging Strike
0-2: Strikes out swinging
Batting: RHB Nigel Sturges 0-0: Ball
1-0: Ball
2-0: Foul Ball, location: 2F
2-1: Foul Ball, location: 2F
2-2: Strikes out swinging
Batting: LHB Luis Aguilar 0-0: Swinging Strike
0-1: Ball
1-1: Ground out 5-3 (Groundball, 56S)
Top of the 9th over - 0 runs, 1 hit, 0 errors, 1 left on base; Connetquot 0 - Kennesaw 6
Friday, March 29th, 2019 - OOTP Baseball 18.8 Build 76